 Dungeon Crawl Stone Soup version 0.24-a0-513-g284f782df5 (webtiles) character file.

Game seed: 15961169775211866702

17680 Arthanis the Arsonist (level 12, -1/58 (59) HPs)
             Began as a Deep Elf Fire Elementalist on July 20, 2019.
             Was a Priest of Vehumet.
             Shot with an arrow by a centaur warrior (5 damage)
             ... on level 12 of the Dungeon.
             The game lasted 00:31:44 (11126 turns).

Arthanis the Arsonist (Deep Elf Fire Elementalist) Turns: 11126, Time: 00:31:45

HP:   -1/58 (59)    AC:  7    Str:  5    XL:     12   Next: 21%
MP:   4/29          EV: 16    Int: 29    God:    Vehumet [***...]
Gold: 698           SH:  0    Dex: 15    Spells: 7/33 levels left

rFire    + . .     SeeInvis .   I - staff of poison
rCold    x . .     Gourm    .   (no shield)
rNeg     . . .     Faith    .   a - +0 robe
rPois    +         Spirit   .   K - +1 helmet {Int+3}
rElec    .         Reflect  .   B - +0 cloak
rCorr    .         Harm     .   t - +0 pair of gloves
MR       ++...                  O - +0 pair of boots
Stlth    ++........             (no amulet)
HPRegen  0.19/turn              o - ring of fire
MPRegen  0.21/turn              Q - ring of protection from magic

@: no status effects
A: hooves 1, wild magic 1
a: Renounce Religion


You were on level 12 of the Dungeon.
You worshipped Vehumet.
Vehumet was most pleased with you.
You were not hungry.

You visited 2 branches of the dungeon, and saw 13 of its levels.

You collected 698 gold pieces.

Inventory:

Hand Weapons
 b - a +0 club
 e - a +0 dagger
 h - a +2 dagger of venom
 r - a +0 war axe of flaming
 y - a +0 spear
 N - a +1 spear of flaming
Missiles
 x - 2 throwing nets (quivered)
Armour
 a - a +0 robe (worn)
 t - a +0 pair of gloves (worn)
 B - a +0 cloak (worn)
 J - a +0 cloak
 K - a +1 helmet of intelligence (worn)
 O - a +0 pair of boots (worn)
Magical Staves
 I - an uncursed staff of poison (weapon)
 P - an uncursed staff of cold
Jewellery
 o - a ring of fire (left hand)
 Q - a ring of protection from magic (right hand)
Wands
 p - a wand of flame (19)
 q - a wand of random effects (26)
 G - a wand of iceblast (11)
 S - a wand of polymorph (16)
 T - a wand of digging (15)
 V - a wand of paralysis (10)
 X - a wand of acid (10)
Scrolls
 d - a scroll of noise {unknown}
 f - 3 scrolls of teleportation
 g - 2 scrolls of fear
 j - 11 scrolls of remove curse
 n - a scroll of enchant weapon
 s - 4 scrolls of blinking
 u - 2 scrolls of amnesia
 w - 2 scrolls of immolation
 z - 2 scrolls of random uselessness
 A - 3 scrolls of fog
 C - a scroll of torment
 D - 2 scrolls of magic mapping
 L - 4 scrolls of enchant armour
Potions
 i - 3 potions of curing
 k - 3 potions of haste
 l - 2 potions of heal wounds
 m - 3 potions of might
 v - 2 potions of magic {unknown}
 E - a potion of agility {unknown}
 F - 2 potions of berserk rage
 H - a potion of flight {unknown}
 M - a potion of resistance {unknown}
 R - 3 potions of cancellation
 U - a potion of degeneration {unknown}
Comestibles
 c - 14 rations
 W - 7 chunks of flesh


   Skills:
 + Level 7.0 Dodging
 - Level 3.0 Stealth
 + Level 11.4 Spellcasting
 * Level 12.8 Conjurations
 * Level 13.2 Fire Magic
 - Level 4.1 Evocations


You had 7 spell levels left.
You knew the following spells:

 Your Spells              Type           Power        Failure   Level  Hunger
a - Flame Tongue          Conj/Fire      #####        1%          1    None
b - Conjure Flame         Conj/Fire      ########     1%          3    None
c - Sticky Flame          Conj/Fire      ########     1%          4    None
d - Fireball              Conj/Fire      ########..   1%          5    ###....
e - Freeze                Ice            ###.         1%          1    None
f - Magic Dart            Conj           ####         1%          1    None
g - Blink                 Tloc           N/A          8%          2    None
h - Mephitic Cloud        Conj/Pois/Air  ######..     1%          3    None
i - Call Imp              Summ           ###.....     8%          2    None
j - Fulminant Prism       Conj/Hex       ######....   1%          4    None

Your spell library contained the following spells:

 Spells                   Type           Power        Failure   Level  Hunger
 Throw Flame              Conj/Fire      ######       1%          2    None
 Dazzling Spray           Conj/Hex       ######       1%          3    None
 Inner Flame              Hex/Fire       #######.     1%          3    None
 Corona                   Hex            ###....      5%          1    None
 Ensorcelled Hibernation  Hex/Ice        ###...       8%          2    None
 Slow                     Hex            ###.....     8%          2    None
 Confuse                  Hex            ###.....     14%         3    None
 Tukima's Dance           Hex            ###.....     14%         3    None


Dungeon Overview and Level Annotations

Branches:
Dungeon (12/15)            Temple (1/1) D:6            Lair (0/6) D:11
    Orc (0/2) D:11

Altars:
Ashenzari
Cheibriados
Dithmenos
Elyvilon
Fedhas
Gozag
Hepliaklqana
Kikubaaqudgha
Makhleb
Nemelex Xobeh
Okawaru
Qazlal
Ru
Sif Muna
Trog
Uskayaw
Vehumet
Wu Jian
Xom
Yredelemnul
Zin
The Shining One

Annotations:
D:7 2 transporters, zkyp's ghost, journeyman DsSk


Innate Abilities, Weirdness & Mutations

You have large cloven feet.
Your spells are a little harder to cast, but a little more powerful.


Message History

The centaur warrior wields a +0 battleaxe.
The centaur warrior closely misses your shadow imp.
Your shadow imp hits the centaur warrior.
The centaur warrior barely misses your shadow imp.
Your shadow imp hits the centaur warrior.
The centaur warrior hits your shadow imp with a +0 battleaxe!
Your shadow imp dies!
Aiming: Iceblast
Press: ? - help, Shift-Dir - straight line, f/p - centaur warrior
Aim: a centaur warrior, wielding a +0 battleaxe (heavily wounded, covered in acid)
The mass of ice explodes!
The iceblast engulfs the centaur warrior!!
The centaur warrior is severely wounded.
The centaur warrior is no longer covered in acid.
The centaur warrior unwields a +0 battleaxe.
The centaur warrior wields a +0 shortbow.
The centaur warrior shoots an arrow.
The arrow hits you!!
* * * LOW HITPOINT WARNING * * *
The centaur warrior shoots an arrow.
The arrow hits you.
You die...

.###....#.........'..........#
.'......#.........#(.........#
.#......#.........#(.........#
##......#.........#c.........#
........######'####(.........#
..................(.......####
..................(.......#
##........................#
.######.........@.(.........
......#..#.......############
......#..#...#...#
......#..#)#####.#
.....[#..#.# #.# ......#..#..
..# ......#..#.# #.#
#.....#..#.# #.# #######..#


You could see a centaur warrior.

Vanquished Creatures
  Snorg (D:12)
  Harold (D:8)
  A hydra (D:12)
  Erica (D:11)
  3 two-headed ogres
  Urug (D:10)
  A skeletal warrior (D:12)
  A deep elf mage (D:12)
  2 manticores
  3 cyclopes
  An ugly thing (D:11)
  Maurice (D:8)
  A centaur zombie (D:11)
  Joseph (D:9)
  A kobold demonologist (D:12)
  A komodo dragon (D:11)
  2 hornets
  Grinder (D:3)
  A slime creature (D:12)
  3 hippogriffs
  4 yaks (D:12)
  Eustachio (D:4)
  Grum (D:8)
  An acid dragon (D:12)
  Duvessa (D:7)
  2 orc warriors
  2 black bears
  An eye of draining (D:11)
  2 ice beasts
  5 necrophages
  5 sky beasts
  2 wolves (D:8)
  7 ogres
  3 phantoms
  2 centaurs
  2 big kobolds (D:8)
  5 bullfrogs
  A gnoll sergeant (D:7)
  Dowan (D:7)
  2 wyvern skeletons
  5 scorpions
  A water moccasin skeleton (D:8)
  3 killer bees (D:8)
  A wight (D:11)
  2 howler monkeys
  A jelly (D:12)
  2 bullfrog zombies (D:12)
  A hound (D:11)
  A quasit (D:8)
  5 crimson imps
  4 orc priests
  6 orc wizards
  Jessica (D:3)
  2 bullfrog skeletons
  A gnoll shaman (D:10)
  3 iguanas
  Ijyb (D:4)
  Natasha (twice) (D:3)
  5 worker ants
  2 mummies (D:12)
  A worker ant zombie (D:6)
  8 gnolls
  12 adders
  4 shadow imps
  2 oozes (D:4)
  An adder skeleton (D:10)
  3 worms
  4 dart slugs
  8 leopard geckos
  26 orcs
  4 giant cockroaches
  5 hobgoblins
  6 jackals
  4 quokkas
  10 bats
  5 frilled lizards (D:1)
  4 goblins
  A goblin skeleton (D:8)
  A jackal skeleton (D:5)
  11 kobolds
  A kobold skeleton (D:8)
  A kobold zombie (D:8)
  2 leopard gecko skeletons (D:5)
  An orc skeleton (D:8)
  2 orc zombies (D:8)
  7 rats
261 creatures vanquished.

Vanquished Creatures (others)
  11 fulminant prisms (D:12)
  2 plants (D:11)
  A withered plant (D:12)
14 creatures vanquished.

Grand Total: 275 creatures vanquished

Notes
Turn   | Place    | Note
-------+----------+-------------------------------------------
     0 | D:1      | Arthanis the Deep Elf Fire Elementalist began the quest for
                  | the Orb.
     0 | D:1      | Reached XP level 1. HP: 10/10 MP: 6/6
   121 | D:1      | Reached XP level 2. HP: 5/15 MP: 0/8
   771 | D:2      | Reached XP level 3. HP: 12/19 MP: 0/9
   776 | D:2      | Reached skill level 4 in Fire Magic
   788 | D:2      | Learned a level 3 spell: Conjure Flame
  1206 | D:2      | Found a shimmering altar of Xom.
  1317 | D:2      | Reached XP level 4. HP: 24/24 MP: 9/11
  1531 | D:3      | Learned a level 4 spell: Sticky Flame
  1552 | D:3      | Noticed Jessica
  1557 | D:3      | Killed Jessica
  1659 | D:3      | Noticed an ogre
  1684 | D:3      | Killed an ogre
  1684 | D:3      | Reached skill level 5 in Fire Magic
  1684 | D:3      | Reached XP level 5. HP: 28/28 MP: 0/13
  1716 | D:3      | Found a hazy altar of Hepliaklqana.
  1826 | D:3      | Noticed Natasha
  1830 | D:3      | Killed Natasha
  1896 | D:3      | Found a shimmering altar of Xom.
  1896 | D:3      | Found a shimmering altar of Xom.
  1899 | D:3      | Found a shimmering altar of Xom.
  1899 | D:3      | Found a shimmering altar of Xom.
  1962 | D:3      | Found a shimmering altar of Xom.
  2099 | D:3      | Reached XP level 6. HP: 32/32 MP: 10/14
  2106 | D:3      | Learned a level 5 spell: Fireball
  2113 | D:3      | Noticed Grinder
  2118 | D:3      | Paralysed by Grinder for 4 turns
  2126 | D:3      | Paralysed by Grinder for 7 turns
  2131 | D:3      | HP: 1/32 [Grinder (3)]
  2136 | D:3      | Gained mutation: Your spells are a little harder to cast,
                  | but a little more powerful. [potion of mutation]
  2136 | D:3      | Gained mutation: You have large cloven feet. [potion of
                  | mutation]
  2137 | D:3      | Paralysed by Grinder for 3 turns
  2141 | D:3      | Killed Grinder
  2141 | D:3      | Reached skill level 5 in Spellcasting
  2141 | D:3      | Reached skill level 5 in Conjurations
  2417 | D:3      | Noticed Natasha
  2421 | D:3      | Killed Natasha
  2421 | D:3      | Reached skill level 6 in Fire Magic
  2551 | D:4      | Noticed Ijyb
  2555 | D:4      | Killed Ijyb
  2555 | D:4      | Reached XP level 7. HP: 18/36 MP: 9/16
  3202 | D:4      | Reached skill level 1 in Evocations
  3231 | D:4      | Noticed Eustachio
  3245 | D:4      | Killed Eustachio
  3427 | D:4      | Reached skill level 7 in Fire Magic
  3568 | D:5      | Entered Level 5 of the Dungeon
  3686 | D:5      | Reached XP level 8. HP: 41/41 MP: 17/19
  3889 | D:5      | Found a shadowy altar of Dithmenos.
  4472 | D:6      | Found a staircase to the Ecumenical Temple.
  4478 | D:6      | Reached skill level 8 in Fire Magic
  4500 | Temple   | Entered the Ecumenical Temple
  4550 | Temple   | Became a worshipper of Vehumet
  5156 | D:7      | Noticed Duvessa
  5156 | D:7      | Noticed Dowan
  5159 | D:7      | Killed Duvessa
  5159 | D:7      | Killed Dowan
  5178 | D:7      | Noticed a hippogriff
  5189 | D:7      | Killed a hippogriff
  5189 | D:7      | Reached XP level 9. HP: 37/45 MP: 3/22
  5278 | D:7      | Found a transporter.
  5278 | D:7      | Noticed zkyp's ghost (journeyman DsSk)
  5317 | D:7      | Found a glowing golden altar of the Shining One.
  5328 | D:7      | Reached skill level 9 in Fire Magic
  5514 | D:7      | Found a transporter.
  5533 | D:7      | Reached * piety under Vehumet
  5533 | D:7      | Offered knowledge of Freeze by Vehumet.
  5540 | D:7      | Learned a level 1 spell: Freeze
  5941 | D:8      | Noticed Harold
  5944 | D:8      | Killed Harold
  5944 | D:8      | Reached skill level 10 in Fire Magic
  5956 | D:8      | Found a blossoming altar of Fedhas.
  6083 | D:8      | Found a glowing silver altar of Zin.
  6096 | D:8      | Found a white marble altar of Elyvilon.
  6360 | D:8      | Reached XP level 10. HP: 50/50 MP: 13/24
  6364 | D:8      | Reached ** piety under Vehumet
  6365 | D:8      | Noticed Maurice
  6371 | D:8      | Killed Maurice
  6371 | D:8      | Offered knowledge of Sandblast by Vehumet.
  6503 | D:8      | Noticed Grum
  6506 | D:8      | Reached skill level 10 in Conjurations
  6506 | D:8      | Killed Grum
  6831 | D:8      | Found a glowing golden altar of the Shining One.
  7217 | D:9      | Noticed Joseph
  7220 | D:9      | Killed Joseph
  7352 | D:9      | Offered knowledge of Searing Ray by Vehumet.
  7614 | D:10     | Entered Level 10 of the Dungeon
  7773 | D:10     | Reached skill level 11 in Fire Magic
  7774 | D:10     | Noticed Urug
  7777 | D:10     | Killed Urug
  7970 | D:10     | Noticed a two-headed ogre
  7981 | D:10     | Killed a two-headed ogre
  7983 | D:10     | Reached XP level 11. HP: 54/54 MP: 9/26
  7988 | D:10     | Reached *** piety under Vehumet
  8061 | D:10     | Reached skill level 10 in Spellcasting
  8280 | D:10     | Noticed a two-headed ogre
  8290 | D:10     | Killed a two-headed ogre
  8669 | D:11     | Found a staircase to the Orcish Mines.
  8673 | D:11     | Noticed a cyan ugly thing
  8675 | D:11     | Killed a cyan ugly thing
  8884 | D:11     | Found a staircase to the Lair.
  8908 | D:11     | Reached skill level 5 in Dodging
  9107 | D:11     | Noticed Erica
  9112 | D:11     | Killed Erica
  9112 | D:11     | Reached skill level 12 in Fire Magic
  9388 | D:11     | Learned a level 1 spell: Magic Dart
  9391 | D:11     | Learned a level 2 spell: Blink
  9395 | D:11     | Learned a level 3 spell: Mephitic Cloud
  9398 | D:11     | Learned a level 2 spell: Call Imp
  9639 | D:12     | Noticed a centaur warrior
  9733 | D:12     | Offered knowledge of Fulminant Prism by Vehumet.
  9939 | D:12     | Noticed a skeletal warrior
  9979 | D:12     | Noticed a skeletal warrior
  9980 | D:12     | Noticed a skeletal warrior
 10261 | D:12     | Learned a level 4 spell: Fulminant Prism
 10311 | D:12     | Noticed a two-headed ogre
 10321 | D:12     | Killed a two-headed ogre
 10365 | D:12     | Noticed a seven-headed hydra
 10367 | D:12     | Killed a seven-headed hydra
 10391 | D:12     | Noticed Snorg
 10407 | D:12     | Killed Snorg
 10527 | D:12     | Killed a skeletal warrior
 10527 | D:12     | Reached XP level 12. HP: 58/58 MP: 11/29
 10708 | D:12     | Reached skill level 13 in Fire Magic
 11126 | D:12     | Shot with an arrow by a centaur warrior

Levels and vault maps discovered:
D:1:      dpeg_arrival_round_c, layout_basic
D:2:      layout_basic, xom_butterflies
D:3:      layout_loops_cross, nicolae_overflow_hidden_temple,
          grunt_ministairs_6, hangedman_decor_points, xom_redecorated,
          uniq_grinder, uniq_jessica, uniq_natasha
D:4:      layout_loops_corners, uniq_ijyb, uniq_eustachio
D:5:      minmay_chambers_of_fours, layout_basic,
          grunt_dithmenos_smoke_and_mirrors, first_ration
D:6:      layout_loops_ring, minmay_temple_entry_slanted, grunt_decor_clamped
D:7:      layout_rooms, old_standard_altar, gammafunk_ghost_arena, uniq_duvessa
D:8:      layout_layer_cave, grunt_temple_overflow_open,
          nicolae_tso_besieged_by_evil, uniq_maurice, uniq_grum, uniq_harold
D:9:      layout_basic, uniq_joseph
D:10:     minmay_bubble_buster, layout_loops_corners, uniq_urug
D:11:     layout_cave_pods, david_lair_shrubbed, orc_0_dummy, uniq_erica
D:12:     minmay_tile_spiral, layout_irregular_city, serial_undead,
          serial_undead_e, serial_undead_e, serial_undead_f, serial_undead_d,
          serial_undead_d, serial_undead_e, serial_undead_f, serial_undead_d,
          uniq_snorg
Temple:   eino_wide_crystal_templ

Skill      XL: |  1  2  3  4  5  6  7  8  9 10 11 12 |
---------------+-------------------------------------+-----
Conjurations   | 2 3 4 5 6 8 9 11 12 | 12.8
Fire Magic     | 4 5 6 7 8 10 11 12 13 | 13.2
Spellcasting   | 4 5 6 7 8 9 11 | 11.4
Evocations     | 2 3 4 |  4.1
Stealth        | 3 |  3.0
Dodging        | 4 6 7 |  7.0

Action                   |  1- 3 |  4- 6 |  7- 9 | 10-12 || total
-------------------------+-------+-------+-------+-------++-------
Melee: Club              |     3 |       |       |       ||     3
       Dagger            |    19 |    12 |    48 |     4 ||    83
       Kick              |       |       |     7 |       ||     7
       Staff             |       |       |       |    10 ||    10
 Cast: Flame Tongue      |    62 |    48 |   135 |   120 ||   365
       Conjure Flame     |       |     1 |     8 |    13 ||    22
       Sticky Flame      |       |     4 |    17 |    26 ||    47
       Fireball          |       |       |    13 |    53 ||    66
       Freeze            |       |       |     6 |       ||     6
       Fulminant Prism   |       |       |       |    11 ||    11
       Call Imp          |       |       |       |     5 ||     5
       Magic Dart        |       |       |       |     2 ||     2
Evoke: Wand              |       |     1 |    14 |     3 ||    18
  Use: Potion            |       |     4 |       |       ||     4
       Scroll            |       |       |       |    16 ||    16
 Stab: Sleeping          |     3 |     4 |       |       ||     7
  Eat: Chunk             |     1 |     3 |    10 |    11 ||    25
       Ration            |       |     1 |     2 |     2 ||     5
Armor: Robe              |    12 |     2 |    27 |    12 ||    53
Dodge: Dodged            |    32 |    21 |    75 |    48 ||   176

Table legend:
 A = Non-vault XP
 B = Vault XP
 C = Vault XP percentage of total XP
 D = Non-vault monster count
 E = Vault monster count
 F = Vault count percentage of total count
                 A         B        C        D         E       F
            +---------+---------+-------+---------+---------+-------
      Total |   15007 |   10251 |  40.6 |     212 |      49 |  18.8
            +---------+---------+-------+---------+---------+-------
        D:1 |      37 |       0 |   0.0 |      24 |       0 |   0.0
        D:2 |      71 |       0 |   0.0 |      25 |       0 |   0.0
        D:3 |     285 |     370 |  56.5 |      15 |       5 |  25.0
        D:4 |     450 |     238 |  34.6 |      21 |       2 |   8.7
        D:5 |     584 |     100 |  14.6 |      12 |       4 |  25.0
        D:6 |     305 |       0 |   0.0 |       5 |       0 |   0.0
        D:7 |     921 |     224 |  19.6 |      21 |       2 |   8.7
        D:8 |    1421 |    1935 |  57.7 |      29 |      12 |  29.3
        D:9 |     743 |     471 |  38.8 |      11 |       1 |   8.3
       D:10 |    1716 |    2745 |  61.5 |      16 |      10 |  38.5
       D:11 |    2637 |    1349 |  33.8 |      10 |       3 |  23.1
       D:12 |    5837 |    2819 |  32.6 |      23 |      10 |  30.3
            +---------+---------+-------+---------+---------+-------
